 Dungeon Crawl Stone Soup version 0.29.1-15-g9cfb28693d (webtiles) character file.

Game seed: 11523022264892771304

130 leafyfresh the Sneak (level 5, -3/37 HPs)
             Began as an Octopode Delver on Mar 5, 2023.
             Slain by a scorpion (6 damage)
             ... on level 5 of the Dungeon.
             The game lasted 00:01:13 (254 turns).

leafyfresh the Sneak (Octopode Delver)               Turns: 254, Time: 00:01:14

Health: -3/37      AC:  1    Str: 11    XL:     5   Next: 14%
Magic:  5/5        EV: 14    Int: 15    God:
Gold:   25         SH:  0    Dex: 13    Spells: 4/4 levels left

rFire   . . .      SeeInvis .   a - +0 short sword
rCold   . . .      Faith    .   (no shield)
rNeg    . . .      Spirit   .   (helmet restricted)
rPois   .          Reflect  .   (no amulet)
rElec   .          Harm     .   (no ring)
rCorr   .          Rampage  .   (no ring)
Will    .....                   (no ring)
Stlth   +++++.....              (no ring)
HPRegen 0.12/turn               (no ring)
MPRegen 0.09/turn               (no ring)
                                (no ring)
                                (no ring)

@: lethally poisoned (-3 -> -27)
A: almost no armour, amphibious, 8 rings, camouflage 1, gelatinous body 1,
(nimble swimmer 1), tentacles
a: no special abilities


You were on level 5 of the Dungeon.
You visited 1 branch of the dungeon, and saw 2 of its levels.

You collected 25 gold pieces.

Inventory:

Hand Weapons
 a - a +0 short sword (weapon)
Wands
 f - a wand of digging (3)
Scrolls
 b - a scroll of fog
 d - a scroll of fear
Potions
 e - a potion of haste


   Skills:
 + Level 3.9 Fighting
 - Level 2.4 Short Blades
 + Level 3.2 Dodging
 + Level 7.6 Stealth


You had 4 spell levels left.
You didn't know any spells.
Your spell library was empty.

Dungeon Overview and Level Annotations

Branches:
Dungeon (5/15)
 Temple: D:4-7

Altars:
Elyvilon
The Shining One


Innate Abilities, Weirdness & Mutations

You cannot wear most types of armour.
You are amphibious.
You can wear up to eight rings at the same time.
Your skin changes colour to match your surroundings (Stealth+).
Your rubbery body absorbs attacks. (AC +1, EV +1)
((You are camouflaged when in or above water. (Stealth+)))
You have tentacles for arms and can constrict up to eight enemies at once.


Message History

The scorpion is moderately wounded.
You constrict the scorpion, but do no damage.
The scorpion stings you.
You are poisoned.
The scorpion poisons you!
The scorpion stings you but does no damage.
You hit the scorpion but do no damage.
The scorpion is moderately wounded.
You constrict the scorpion.
You feel very sick. The scorpion stings you.
You are more poisoned.
The scorpion poisons you!
You hit the scorpion.
The scorpion is heavily wounded.
You constrict the scorpion.
You feel very sick. The scorpion stings you.
You hit the scorpion but do no damage.
The scorpion is heavily wounded.
You constrict the scorpion, but do no damage.
You feel very sick. The scorpion stings you!
* * * LOW HITPOINT WARNING * * *
You barely miss the scorpion.
The scorpion is heavily wounded.
You constrict the scorpion, but do no damage.
* * * LOW HITPOINT WARNING * * *
You feel very sick. The scorpion misses you.
You hit the scorpion.
The scorpion is heavily wounded.
You hear the slow hiss of an avalanche of sand nearby.
You constrict the scorpion.
* * * LOW HITPOINT WARNING * * *
You feel sick. The scorpion stings you.
* * * LOW HITPOINT WARNING * * *
You are more poisoned.
The scorpion poisons you! The scorpion stings you.
You die...

#......................#...#...
#......................#...#...
#......................#...#...
#......................#...#...
*#########'###########.####.##.#
*,,..................#.####.##.#
*,,..................#.........#
*,,..................+.........#
*,,...(........@s....#.........#
*,,..................#...#######
*,,..................#####,,,,,,
*,,....................,,,,,,,,,
*,,,...................,,,,,,,,,
*,,,,,.................,,,,,,,,,
******,........##+###..,,,,,,,,,
*,,.....).*,,,,*..,,,,,,,,,
*,,,,,,,,,*,,,,*,,,,,,,,,,,


You could see a scorpion.

Vanquished Creatures
  A scorpion (D:5)
  A hound (D:5)
  An iguana (D:5)
  2 adders (D:5)
5 creatures vanquished.

Notes
Turn   | Place    | Note
-------+----------+-------------------------------------------
     0 | D:5      | leafyfresh the Octopode Delver began the quest for the Orb.
     0 | D:5      | Reached XP level 1. HP: 16/16 MP: 1/1
    10 | D:4      | Found a glowing golden altar of the Shining One.
    10 | D:4      | Found a white marble altar of Elyvilon.
    43 | D:5      | Noticed an iguana
    45 | D:5      | Killed an iguana
    46 | D:5      | Reached XP level 2. HP: 21/21 MP: 2/2
    46 | D:5      | Reached XP level 3. HP: 26/26 MP: 3/3
    77 | D:5      | Reached skill level 7 in Stealth
   101 | D:5      | Noticed a scorpion
   106 | D:5      | Killed a scorpion
   107 | D:5      | Reached XP level 4. HP: 33/33 MP: 4/4
   118 | D:5      | Reached XP level 5. HP: 26/37 MP: 5/5
   254 | D:5      | Slain by a scorpion

Illustrated notes

Levels and vault maps discovered:
D:4:      layout_basic, nicolae_overflow_hidden_temple,
          minmay_temple_entry_grid, hellmonk_ghost_happy_afterlife
D:5:      layout_gridville, cheibrodos_ashenzari_chains,
          nicolae_ossuary_entry_catacombs, serial_shops, nicolae_shop_waterfront

Skill      XL: |  1  2  3 |
---------------+----------+-----
Stealth        | 7 |  7.6
Dodging        | 3 |  3.2
Fighting       | |  3.9
Short Blades   | |  2.4

Action                   |  1- 3 |  4- 6 || total
-------------------------+-------+-------++-------
Melee: Short sword       |     3 |    13 ||    16
       Constrict         |       |     2 ||     2
       Tentacles         |       |     2 ||     2
  Use: Scroll            |     1 |       ||     1
 Stab: Sleeping          |     3 |     1 ||     4
Armor: Skin              |       |     1 ||     1
Dodge: Dodged            |       |     5 ||     5
